 Dungeon Crawl Stone Soup version 0.29-a0-993-g4a18f31a58 (webtiles) character file.

Game seed: 2280664912930651315

346 flotson the Sneak (level 6, -3/48 HPs)
             Began as a Demonspawn Delver on Aug 2, 2022.
             Slain by a black bear (6 damage)
             ... on level 3 of the Dungeon.
             The game lasted 00:08:07 (4499 turns).

flotson the Sneak (Demonspawn Delver)               Turns: 4499, Time: 00:08:08

Health: -3/48      AC:  7    Str: 14    XL:     6   Next: 32%
Magic:  6/6        EV: 12    Int: 11    God:
Gold:   266        SH:  0    Dex: 15    Spells: 5/5 levels left

rFire   . . .      SeeInvis .   a - +0 spear
rCold   . . .      Faith    .   p - orb {light}
rNeg    . . .      Spirit   .   b - +0 leather armour
rPois   .          Reflect  .   i - +0 helmet
rElec   .          Harm     .   (no cloak)
rCorr   .          Rampage  .   n - +0 pair of gloves
Will    .....                   (no boots)
Stlth   +.........              t - amulet of the acrobat
HPRegen 0.16/turn               (no ring)
MPRegen 0.10/turn               (no ring)

@: hasted, glowing, very quick
A: molten scales 1, weakness stinger 1
a: no special abilities


You were on level 3 of the Dungeon.
You visited 1 branch of the dungeon, and saw 5 of its levels.

You collected 266 gold pieces.

Inventory:

Hand Weapons
 a - a +0 spear (weapon)
Armour
 b - a +0 leather armour (worn)
 i - a +0 helmet (worn)
 n - a +0 pair of gloves (worn)
 p - an orb of light (worn)
Jewellery
 t - an amulet of the acrobat (around neck)
Wands
 g - a wand of digging (3)
 q - a wand of flame (8)
Scrolls
 c - a scroll of fog
 e - 2 scrolls of teleportation {unknown}
 m - 3 scrolls of poison {unknown}
 o - 6 scrolls of identify {unknown}
 s - a scroll of butterflies {unknown}
Potions
 d - a potion of resistance {unknown}
 f - a potion of haste
 j - a potion of invisibility {unknown}
 k - a potion of brilliance
 l - a potion of attraction {unknown}
 r - a potion of lignification
 u - a potion of might
 v - a potion of ambrosia {unknown}
 w - a potion of degeneration {unknown}


   Skills:
 + Level 4.1 Fighting
 - Level 1.7 Polearms
 + Level 2.3 Throwing
 + Level 2.3 Armour
 + Level 3.1 Dodging
 - Level 4.5 Stealth
 + Level 2.5 Evocations


You had 5 spell levels left.
You didn't know any spells.
Your spell library contained the following spells:

 Spells                   Type           Power      Damage    Failure   Level
 Conjure Flame            Conj/Fire      0%         6-21      78%         3
 Ignite Poison            Fire/Tmut/Pois 0%         N/A       78%         3
 Stone Arrow              Conj/Erth      0%         3d7       78%         3
 Tukima's Dance           Hex            0%         N/A       78%         3
 Animate Armour           Summ/Erth      0%         N/A       99%         4
 Passage of Golubria      Tloc           0%         N/A       99%         4
 Sticky Flame             Conj/Fire      0%         2d3       99%         4
 Yara's Violent Unravell  Hex/Tmut       0%         3d3       100%        5
 Lehudib's Crystal Spear  Conj/Erth      0%         10d2      100%        8


Dungeon Overview and Level Annotations

Branches:
Dungeon (5/15)
 Temple: D:4-7

Altars:

Shops:
D:3 :   D:5 ![

Annotations:
D:3 Grinder
D:5 Dowan, Duvessa


Innate Abilities, Weirdness & Mutations

You are partially covered in molten scales. (AC +2)
You have a small tail.


Message History

You climb upwards.
Level annotation: Grinder The endoplasm quivers.
There is a stone staircase leading down here.
You hit the endoplasm.
The endoplasm is moderately wounded.
The endoplasm barely misses you.
The black bear bites you but does no damage.
The black bear claws you but does no damage. x2
The endoplasm closely misses you. The endoplasm attacks as you move away!
The endoplasm completely misses you.
You hit the endoplasm.
You kill the endoplasm!
You hit the black bear. You tail-slap the black bear.
The black bear is severely wounded.
The black bear bites you but does no damage.
The black bear claws you. x2
You hit the black bear.
You tail-slap the black bear, but do no damage.
The black bear is severely wounded.
The black bear bites you.
* * * LOW HITPOINT WARNING * * *
The black bear claws you but does no damage.
The black bear closely misses you.
You hit the black bear but do no damage.
The black bear is severely wounded.
The black bear goes berserk!
You hit the black bear but do no damage.
Your tail-slap misses the black bear.
The black bear is severely wounded.
The black bear bites you but does no damage.
The black bear claws you.
* * * LOW HITPOINT WARNING * * *
The black bear barely misses you. The black bear bites you!
* * * LOW HITPOINT WARNING * * *
The black bear claws you.
* * * LOW HITPOINT WARNING * * *
The black bear claws you but does no damage.
You feel yourself speed up. The black bear bites you.
You die...

......# #.###.#
#.# #<# ### #.#
#.# ..# ..# #.#
#.# ### #.# #.#
#.# #.# #.# #.#
#.# #@#
##.##########h#
#...........>.#
#.##.##########
#.##.# #.##.#
##.#..# #.....#
###.#..##


You could see a black bear (berserk).

Vanquished Creatures
  A bullfrog (D:4)
  2 scorpions (D:4)
  An iguana (D:4)
  Natasha (D:4)
  Robin (D:3)
  2 adders
  3 worms
  6 dart slugs
  9 bats
  2 endoplasms
  4 giant cockroaches
  7 goblins
  6 hobgoblins
  5 jackals
  7 kobolds
  3 quokkas
  4 ball pythons
  3 frilled lizards
  2 rats (D:1)
69 creatures vanquished.

Vanquished Creatures (others)
  Natasha (D:4)
  A goblin (D:4)
2 creatures vanquished.

Grand Total: 71 creatures vanquished

Notes
Turn   | Place    | Note
-------+----------+-------------------------------------------
     0 | D:5      | flotson the Demonspawn Delver began the quest for the Orb.
     0 | D:5      | Reached XP level 1. HP: 18/18 MP: 1/1
    61 | D:5      | Gained mutation: You are partially covered in molten
                  | scales. (AC +2) [demonic ancestry]
    61 | D:5      | Reached XP level 2. HP: 20/24 MP: 2/2
   156 | D:5      | Noticed a phantom
   171 | D:5      | Noticed Dowan
   172 | D:5      | Noticed Duvessa
   264 | D:5      | Found Aphew's Distillery.
   388 | D:4      | Noticed Natasha
   388 | D:4      | Noticed a scorpion
   434 | D:3      | Noticed Robin
   877 | D:3      | Killed Robin
   878 | D:3      | Reached skill level 1 in Throwing
   878 | D:3      | Reached skill level 1 in Armour
   878 | D:3      | Reached skill level 1 in Evocations
   878 | D:3      | Reached XP level 3. HP: 18/29 MP: 3/3
  1680 | D:1      | Gained mutation: You have a small tail. [demonic ancestry]
  1680 | D:1      | Reached XP level 4. HP: 35/35 MP: 4/4
  3024 | D:3      | Found Uludil's Book Shoppe.
  3024 | D:3      | Noticed Grinder
  3030 | D:3      | Paralysed by Grinder for 4 turns
  3806 | D:4      | Killed a scorpion
  3807 | D:4      | Reached XP level 5. HP: 14/42 MP: 5/5
  3811 | D:4      | Killed Natasha
  4242 | D:4      | Reached XP level 6. HP: 22/48 MP: 6/6
  4277 | D:4      | Killed Natasha
  4498 | D:3      | HP: 2/48 [black bear (2)]
  4499 | D:3      | Slain by a black bear

Illustrated notes

Levels and vault maps discovered:
D:1:      lemuel_arrival_hallway, layout_basic
D:2:      layout_basic, minmay_circle_x
D:3:      layout_loops_ring, gammafunk_temple_overflow_elements, serial_shops,
          nicolae_shop_stone, uniq_grinder, uniq_robin
D:4:      layout_loops_corners, grunt_qazlal_clouds, uniq_natasha
D:5:      layout_loops_ring, nzn_wu_jian_contemplation, lemuel_crystal_altar,
          serial_shops, nicolae_shop_waterfront, shop_statue,
          nicolae_shop_temple_entry_statues_fountains, shop_statue, shop,
          nicolae_eternal_life, uniq_duvessa

Skill      XL: |  1  2  3  4  5 |
---------------+----------------+-----
Dodging        | 2 3 |  3.1
Throwing       | 1 2 |  2.3
Armour         | 1 2 |  2.3
Evocations     | 1 2 |  2.5
Fighting       | 4 |  4.1
Polearms       | |  1.7
Stealth        | |  4.5

Action                   |  1- 3 |  4- 6 || total
-------------------------+-------+-------++-------
Melee: Spear             |   141 |   141 ||   282
       Punch             |     2 |       ||     2
       Tailslap          |       |    22 ||    22
Throw: Javelin           |     1 |    10 ||    11
  Use: Scroll            |     1 |     1 ||     2
       Potion            |       |     7 ||     7
 Stab: Sleeping          |     7 |     1 ||     8
Armor: Leather armour    |    39 |    57 ||    96
       Skin              |       |     2 ||     2
Dodge: Dodged            |    71 |    66 ||   137

Table legend: (Time is in decaauts)
 A = Elapsed time spent in this place.
 B = Non-inter-level travel time spent in this place.
 C = Inter-level travel time spent in this place.
 D = Time resting spent in this place.
 E = Time spent auto-exploring this place.
 F = Levels seen in this place.
 G = Mean time per level.
                   A        B        C        D        E       F      G
               +--------+--------+--------+--------+--------+-----+--------+
         Total |   4496 |   4226 |    270 |    102 |   3332 |   5 |  899.2 |
       Dungeon |   4496 |   4226 |    270 |    102 |   3332 |   5 |  899.2 |
               +--------+--------+--------+--------+--------+-----+--------+

Top non-repeatable levels by time:
     D:2: 1757 daAuts
     D:3: 881 daAuts
     D:4: 770 daAuts
     D:1: 698 daAuts
     D:5: 388 daAuts
